AoeStats
← Sked57

Arabia

509840126Analyzed
1v1 RM · 3d ago on Sep 28, 2026· 21m 50s· 2 players
Game mode
Random Map
Map size
Tiny (2 player)
Population
200
Speed
Normal
Resources
Standard
Victory
Conquest
Starting age
Dark Age
Ending age
Imperial Age
RankedLock teamsTeams togetherTeam positionsShared explorationLock speedFull tech treeHidden civsTurbo modeCheats
Victory
Defeat
🇨🇿 Cumans · Czechia
613
+18
🇫🇷 Franks · France
661
-18
Paštika
0:29 Loom
10:20 Feudal Age
10:45 Horse Collar
10:52 Town Watch
11:23 Double-Bit Axe
13:59 Wheelbarrow
17:55 Man-at-Arms
Sked57
9:37 Feudal Age
10:37 Double-Bit Axe
14:33 Forging
21:28 Castle Age
20:12 Gold Mining
20:15 Stone Mining
21:27 Wheelbarrow
Connection lost

Rejoining the realm…

Still unreachable

The connection could not be restored.

Session expired

The server has moved on; the page needs a fresh start.